 Dungeon Crawl Stone Soup version 0.22-a0-223-g0f5d773 (webtiles) character file.

186 4thArraOfDagon the Bolt Thrower (level 5, 0/49 HPs)
             Began as an Octopode Arcane Marksman on Feb 18, 2018.
             Succumbed to a worker ant's poison
             ... on level 4 of the Dungeon.
             The game lasted 00:03:13 (717 turns).

4thArraOfDagon the Bolt Thrower (OpAM)               Turns: 717, Time: 00:03:14

Health: 0/49       AC: 22    Str:  9    XL:     5   Next: 65%
Magic:  6/6        EV:  2    Int: 16    God:
Gold:   46         SH:  0    Dex: 13    Spells: 5/6 levels left

rFire    . . .     SeeInvis .   a - +0 hand crossbow
rCold    + . .     Gourm    .   (no shield)
rNeg     + + +     Faith    .   (helmet currently unavailable)
rPois    +         Spirit   .   (no amulet)
rElec    .         Reflect  .   e - ring of protection from cold
rCorr    .         Harm     .   g - ring of protection from magic
MR       +....     NoTele   +   (no ring)
Stlth    +.........             (no ring)
HPRegen  0.16/turn              (no ring)
MPRegen  0.10/turn              (no ring)
                                (no ring)
                                (no ring)

@: lethally poisoned (0 -> -6), tree-form
A: almost no armour, stealthy swim, (amphibious), 8 rings, (constrict 8)
a: no special abilities


You were on level 4 of the Dungeon.
You were not hungry.
You were a tree.
You visited 1 branch of the dungeon, and saw 5 of its levels.

You collected 46 gold pieces.

Inventory:

Hand Weapons
 a - a +0 hand crossbow (weapon)
Missiles
 f - 2 javelins of penetration (quivered)
Jewellery
 e - a ring of protection from cold (left branch)
 g - a ring of protection from magic (right branch)
Scrolls
 i - 2 scrolls of fog {unknown}
Comestibles
 d - 2 rations


   Skills:
 - Level 1.0 Fighting
 * Level 5.7 Crossbows
 - Level 2.0 Dodging
 - Level 1.0 Spellcasting
 - Level 3.0 Hexes


You had 5 spell levels left.
You knew the following spells:

 Your Spells              Type           Power        Failure   Level  Hunger
a - Corona                Hex            ##.....      7%          1    ##.....


Dungeon Overview and Level Annotations

Branches:
Dungeon (5/15)
 Temple: D:4-7

Altars:
Kikubaaqudgha
Zin

Annotations:
D:3 vishdafish's ghost, amateur DsGl
D:4 exclusion: door


Innate Abilities, Weirdness & Mutations

You cannot wear most types of armour.
You are very stealthy in the water. (Stealth+)
((You are amphibious.))
You can wear up to eight rings at the same time.
((You can use your tentacles to constrict eight enemies at once.))
((Your skin changes colour to match your surroundings (Stealth+).))
((Your rubbery body absorbs attacks. (AC +1, EV +1)))


Message History

You feel sick. The worker ant bites you.
* * * LOW HITPOINT WARNING * * *
The worker ant bites you but does no damage.
Firing (i - inventory. (/) - cycle)
c - 2 bolts (quivered)
Press: ? - help, Shift-Dir - straight line, f/p - worker ant
Aim: a worker ant (almost dead)
You shoot a bolt.
The bolt hits the worker ant but does no damage.
The worker ant is almost dead.
* * * LOW HITPOINT WARNING * * *
You feel sick. The worker ant bites you.
* * * LOW HITPOINT WARNING * * *
Unknown command.
Firing (i - inventory. (/) - cycle)
c - a bolt (quivered)
Press: ? - help, Shift-Dir - straight line, f/p - worker ant
Aim: a worker ant (almost dead)
You shoot a bolt.
The bolt hits the worker ant but does no damage.
The worker ant is almost dead.
You die...

### #.. #.# # #.#
#.#.# #..♣##
######.#####
##a#[####......##.##
#.###......# ##...#
(.# ##.....# #.....
#.# ##.####.# ##.(.#
.(. #.....#.# ##.##
.## #.#....#.# #...
###....#.# #..#
#......# ##..#


You could see a worker ant.

Vanquished Creatures
  An ogre (D:4)
  An iguana (D:4)
  A worker ant (D:4)
  3 adders
  A dart slug (D:1)
  A leopard gecko (D:1)
  An orc (D:4)
  4 goblins
  3 hobgoblins (D:1)
  A quokka (D:2)
  4 bats
  A jackal skeleton (D:4)
  2 kobolds
24 creatures vanquished.

Notes
Turn   | Place    | Note
-------+----------+-------------------------------------------
     0 | D:1      | 4thArraOfDagon the Octopode Arcane Marksman began the quest for the Orb.
     0 | D:1      | Reached XP level 1. HP: 13/13 MP: 2/2
    48 | D:1      | Reached XP level 2. HP: 18/18 MP: 3/3
   136 | D:1      | Reached skill level 3 in Crossbows
   150 | D:2      | Reached XP level 3. HP: 18/23 MP: 4/4
   214 | D:3      | Found a faded altar of an unknown god.
   214 | D:3      | Noticed vishdafish's ghost (amateur DsGl)
   390 | D:4      | Noticed an ogre
   396 | D:4      | Killed an ogre
   396 | D:4      | Reached skill level 5 in Crossbows
   396 | D:4      | Reached XP level 4. HP: 7/28 MP: 5/5
   396 | D:4      | Reached XP level 5. HP: 9/33 MP: 6/6
   425 | D:4      | Found a glowing silver altar of Zin.
   425 | D:4      | Found an ancient bone altar of Kikubaaqudgha.
   614 | D:5      | Entered Level 5 of the Dungeon
   614 | D:5      | Noticed a sky beast
   716 | D:4      | HP: 1/49 [worker ant (2)]
   717 | D:4      | Succumbed to a worker ant's poison

Vault maps used:
D:1:      minmay_arrival_stair_chambers, okawaru_ov_weapons_minmay
D:2:      uniq_terence
D:3:      chequers_ecumenical_altar_simple, led_sif_pool
D:4:      gammafunk_temple_overflow_pools, nicolae_ossuary_entry_catacombs
D:5:      temple_green, first_ration, serial_shops, shop_statue,
          grunt_gozag_statues

Skill      XL: |  1  2  3 |
---------------+----------+-----
Crossbows      | 3 5 |  5.7
Fighting       | |  1.0
Dodging        | |  2.0
Spellcasting   | |  1.0
Hexes          | |  3.0

Action                   |  1- 3 |  4- 6 || total
-------------------------+-------+-------++-------
Melee: Unarmed           |       |     6 ||     6
 Fire: Hand crossbow     |    50 |    35 ||    85
Throw: Javelin           |       |     2 ||     2
  Use: Scroll            |     1 |       ||     1
       Potion            |       |     4 ||     4
Armor: Skin              |     3 |     6 ||     9
Dodge: Dodged            |    13 |    23 ||    36

Table legend:
 A = Spawn XP
 B = Non-spawn XP
 C = Spawn XP percentage of total XP
 D = Spawn monster count
 E = Non-spawn monster count
 F = Spawn count percentage of total count
 G = Total turns spent on level
                    A         B        C        D         E        F      G
               +---------+---------+-------+---------+---------+-------+---------
         Total |       0 |     266 |   0.0 |       0 |      24 |   0.0 |   717
               +---------+---------+-------+---------+---------+-------+---------
           D:1 |       0 |      20 |   0.0 |       0 |      10 |   0.0 |   146
           D:2 |       0 |      22 |   0.0 |       0 |       6 |   0.0 |    88
           D:3 |       0 |      15 |   0.0 |       0 |       2 |   0.0 |    47
           D:4 |       0 |     209 |   0.0 |       0 |       6 |   0.0 |   434
               +---------+---------+-------+---------+---------+-------+---------
